AoeStats
← BerceauLion3560

Arabia

510788284Analyzed
2v2 RM · 15h ago on Oct 2, 2026· 21m 49s· 4 players
Game mode
Random Map
Map size
Medium (4 player)
Population
200
Speed
Normal
Resources
Standard
Victory
Conquest
Starting age
Dark Age
Ending age
Imperial Age
RankedLock teamsTeams togetherTeam positionsShared explorationLock speedFull tech treeHidden civsTurbo modeCheats
Victory
Defeat
🇲🇽 Magyars · Mexico
929
+15
🇺🇸 Mongols · United States
898
+17
🇫🇷 Armenians · France
918
-16
🇫🇷 Varangians · France
913
-16
casper4405
7:12 Loom
9:45 Feudal Age
11:03 Town Watch
11:18 Double-Bit Axe
17:43 Fletching
ascfska
6:39 Loom
10:14 Feudal Age
15:58 Bloodlines
19:00 Scale Barding Armor
23:35 Castle Age
LoiMonstre46169
6:55 Loom
9:36 Feudal Age
10:56 Double-Bit Axe
12:21 Bloodlines
15:00 Wheelbarrow
15:56 Horse Collar
19:09 Scale Barding Armor
22:05 Forging
BerceauLion3560
0:51 Loom
12:25 Feudal Age
13:49 Wheelbarrow
14:26 Man-at-Arms
20:49 Scale Mail Armor
21:00 Forging
Connection lost

Rejoining the realm…

Still unreachable

The connection could not be restored.

Session expired

The server has moved on; the page needs a fresh start.